 Dungeon Crawl Stone Soup version 0.19.5 (webtiles) character file.

11 tidbits the Charmwright (level 2, 7/19 HPs)
             Began as a High Elf Skald on Nov 9, 2017.
             Quit the game on level 3 of the Dungeon.
             The game lasted 00:01:37 (136 turns).

tidbits the Charmwright (High Elf Skald)             Turns: 136, Time: 00:01:37

Health: 7/19       AC:  5    Str: 11    XL:     2   Next: 17%
Magic:  0/7        EV: 10    Int: 15    God:
Gold:   17         SH:  0    Dex: 14    Spells: 1 memorised, 6 levels left

rFire  + . .     SeeInvis .     a - +0 short sword (elec)
rCold  + . .     Gourm    .     B - +0 ring mail
rNeg   . . .     Faith    .     (no shield)
rPois  +         Spirit   .     (no helmet)
rElec  +         Reflect  .     (no cloak)
rCorr  +         Harm     .     (no gloves)
MR     .....                    (no boots)
Stlth  +.........               (no amulet)
                                (no ring)
                                (no ring)

@: lethally poisoned (7 -> -10), resistant, infused (expiring)
A: no striking features
a: no special abilities


You were on level 3 of the Dungeon.
You were not hungry.

You visited 1 branch of the dungeon, and saw 3 of its levels.

You collected 17 gold pieces.

Inventory:

Hand Weapons
 a - a +0 short sword of electrocution (weapon)
   (You found it on level 3 of the Dungeon)
 h - a +0 falchion
Armour
 b - a +0 leather armour
 B - a +0 ring mail (worn)
   (You found it on level 3 of the Dungeon)
Scrolls
 e - a scroll of noise {unknown}
 g - a scroll of amnesia {unknown}
Potions
 f - a potion of resistance
Books
 c - a book of Battle

   Spells                             Type                      Level
   a - Infusion                       Charms                       1
   b - Shroud of Golubria             Charms/Translocation         2
   c - Song of Slaying                Charms                       2
   d - Spectral Weapon                Hexes/Charms                 3
   e - Regeneration                   Charms/Necromancy            3
Comestibles
 d - 2 bread rations
 i - a meat ration


   Skills:
 - Level 2.0 Fighting
 + Level 2.8 Long Blades
 - Level 0.8 Armour
 - Level 1.1 Dodging
 - Level 3.1 Spellcasting
 - Level 3.6 Charms


You had 6 spell levels left.
You knew the following spells:

 Your Spells              Type           Power        Failure   Level  Hunger
i - Infusion              Chrm           ##..         14%         1    #......


Dungeon Overview and Level Annotations

Branches:
Dungeon (3/15)

Altars:


Message History

Wield which item (- for none, * to show all)? (? for menu, Esc to quit)
You hear the crackle of electricity.
h - a +0 short sword of electrocution (weapon)
Adjust (i)tems, (s)pells, or (a)bilities?
Adjust which item? (? for menu, Esc to quit)
h - a +0 short sword of electrocution (weapon)
Adjust to which letter? (? for menu, Esc to quit)
a - a +0 short sword of electrocution (weapon)
h - a +0 falchion
d - 2 bread rations (gained 1)
You are no longer magically infusing your attacks.
i - a meat ration You see here a ring mail.
j - a ring mail Wear which item? (? for menu, Esc to quit)
You start removing your armour.
You continue taking off your +0 leather armour. x4
You finish taking off your +0 leather armour.
You start putting on your armour.
You continue putting on your ring mail. x3
HP restored.
You continue putting on your ring mail. x2
You finish putting on your +0 ring mail.
Adjust (i)tems, (s)pells, or (a)bilities?
Adjust which item? (? for menu, Esc to quit)
j - a +0 ring mail (worn)
Adjust to which letter? (? for menu, Esc to quit)
B - a +0 ring mail (worn)
You now have 12 gold pieces.
A hobgoblin comes into view.
The hobgoblin shouts!
You see here 5 gold pieces.
You now have 17 gold pieces (gained 5).
The frilled lizard unfolds its giant frill.
Casting: Infusion
Confirm with . or Enter, or press ? or * to list all spells.
You miscast Infusion.
You are very lightly contaminated with residual magic.
Nothing appears to happen.
Casting: Infusion
Confirm with . or Enter, or press ? or * to list all spells.
You begin infusing your attacks with magical energy.
You hit the frilled lizard!
You kill the frilled lizard!
You barely miss the hobgoblin. The hobgoblin barely misses you.
You barely miss the hobgoblin.
The hobgoblin hits you but does no damage.
You closely miss the hobgoblin. The hobgoblin completely misses you.
You barely miss the hobgoblin. The hobgoblin closely misses you.
You hit the hobgoblin.
The hobgoblin is almost dead.
The hobgoblin hits you.
You hit the hobgoblin.
You kill the hobgoblin!
You have reached level 2!
A giant cockroach comes into view.
You see here a hobgoblin corpse.
A kobold comes into view. It is wielding a dagger.
The kobold shouts!
You hit the giant cockroach.
The giant cockroach is severely wounded.
The giant cockroach bites you but does no damage.
You closely miss the giant cockroach.
The giant cockroach is severely wounded.
The giant cockroach closely misses you.
The kobold unwields an uncursed dagger.
The kobold wields a blowgun.
The kobold shoots a poisoned needle.
The poisoned needle hits you!
You are poisoned.
You hit the giant cockroach.
There is a sudden explosion of sparks!
You kill the giant cockroach!
You feel sick.
You feel sick.
The kobold shoots a poisoned needle.
The poisoned needle hits you!
You are lethally poisoned!
You see here a poisoned needle.
You feel sick.
The kobold shoots a poisoned needle.
The poisoned needle hits you!
You are more poisoned.
A bat comes into view.
You see here a poisoned needle. 2 rats come into view.
You feel sick.
The kobold unwields an uncursed blowgun.
The kobold wields an uncursed dagger.
The kobold misses you.
You hit the kobold.
You kill the kobold!
You feel sick.
Your magical contamination has completely faded away.
You hit the rat.
You kill the rat!
Your magical infusion is running out.
* * * LOW HITPOINT WARNING * * *
You feel sick.
It was a potion of resistance.
You feel protected.
* * * LOW HITPOINT WARNING * * *
You feel sick.
You completely miss the rat.
* * * LOW HITPOINT WARNING * * *
You feel sick. The rat closely misses you.
Are you sure you want to abandon this character and quit the game? (Confirm with "yes".)

#################
................#
................#
(...............#
................#
................#
................##
...)..<....†.....#####
............(...@r...#
##.####.......((##......
#..# #.........# ####.
##....####........ ###.
####.#..#.. # # #...#b.
#..##... #... ... #.#..
.8


You could see a rat.

Vanquished Creatures
  A ball python (D:1)
  A giant cockroach (D:3)
  A goblin (D:1)
  2 hobgoblins (D:3)
  2 kobolds
  A bat (D:1)
  A frilled lizard (D:3)
  A rat (D:3)
10 creatures vanquished.

Notes
Turn   | Place    | Note
-------+----------+-------------------------------------------
     0 | D:1      | tidbits the High Elf Skald began the quest for the Orb.
     0 | D:1      | Reached XP level 1. HP: 14/14 MP: 4/4
     6 | D:1      | Noticed a lindwurm
     6 | D:1      | Noticed a polar bear
     6 | D:1      | Noticed a swamp drake
     6 | D:1      | Noticed a komodo dragon
    78 | D:3      | Reached skill level 3 in Spellcasting
   121 | D:3      | Reached XP level 2. HP: 17/19 MP: 0/7
   136 | D:3      | Quit the game

Skill      XL: |  1 |
---------------+----+-----
Spellcasting   | 3 |  3.1
Fighting       | |  2.0
Long Blades    | |  2.8
Armour         | |  0.8
Dodging        | |  1.1
Charms         | |  3.6

Action                   || total
-------------------------++-------
Melee: Falchion          ||     8
       Short sword       ||    13
 Cast: Infusion          ||     4
  Use: Potion            ||     1
Armor: Leather armour    ||     3
       Ring mail         ||     2
Dodge: Dodged            ||    11
       Rpst.: Falchion   ||     1

Table legend:
 A = Turns spent in this place as a percentage of turns spent in the entire game.
 B = Non-inter-level travel turns spent in this place as a percentage of non-inter-level travel turns spent in the entire game.
 C = Inter-level travel turns spent in this place as a percentage of turns spent in this place.
 D = Turns resting spent in this place as a percentage of non-inter-level travel turns spent in this place.
 E = Turns spent auto-exploring this place as a percentage of non-inter-level travel turns spent in this place.
 F = Non-inter-level travel turns spent in this place divided by the number of levels of this place that you've seen.
                   A       B       C       D       E      F
               +-------+-------+-------+-------+-------+----------------------
         Total | 100.0 | 100.0 |   0.0 |   0.0 |   0.0 |  38.0
       Dungeon | 100.0 | 100.0 |   0.0 |   0.0 |   0.0 |  38.0
               +-------+-------+-------+-------+-------+----------------------

Table legend:
 A = Kills in this place as a percentage of kills in entire the game.
 B = Kills by you in this place as a percentage of kills by you in the entire game.
 C = Kills by friends in this place as a percentage of kills by friends in the entire game.
 D = Other kills in this place as a percentage of other kills in the entire game.
 E = Experience gained in this place as a percentage of experience gained in the entire game.
 F = Experience gained in this place divided by the number of levels of this place that you have seen.
                   A       B       C       D       E      F
               +-------+-------+-------+-------+-------+----------------------
         Total | 100.0 | 100.0 |  -nan |  -nan | 100.0 |   5.7
       Dungeon | 100.0 | 100.0 |  -nan |  -nan | 100.0 |   5.7
               +-------+-------+-------+-------+-------+----------------------

Vault maps used:
D:1:      onia_arrival_zoo_common
D:2:      hangedman_ru_absence, uniq_natasha, uniq_robin
D:3:      grunt_temple_overflow_open, gammafunk_temple_overflow_wave,
          first_bread
